 Dungeon Crawl Stone Soup version 0.29.1-4-g47bece8355 (webtiles) character file.

Game seed: 2944247771013197875

53 zeram the Trooper (level 3, -2/33 HPs)
             Began as a Hill Orc Fighter on Dec 11, 2022.
             Slain by Crazy Yiuf
             ... wielding a +4 quarterstaff of chaos
              (9 damage)
             ... on level 2 of the Dungeon.
             The game lasted 00:02:26 (1573 turns).

zeram the Trooper (Hill Orc Fighter)                Turns: 1573, Time: 00:02:26

Health: -2/33      AC: 11    Str: 20    XL:     3   Next: 87%
Magic:  0/3        EV:  5    Int:  8    God:
Gold:   89         SH:  4    Dex: 10    Spells: 2/2 levels left

rFire   . . .      SeeInvis .   a - +0 war axe
rCold   . . .      Faith    .   c - +0 buckler
rNeg    . . .      Spirit   .   o - +0 plate armour
rPois   .          Reflect  .   (no helmet)
rElec   .          Harm     .   (no cloak)
rCorr   .          Rampage  .   (no gloves)
Will    .....                   (no boots)
Stlth   ..........              (no amulet)
HPRegen 0.11/turn               (no ring)
MPRegen 0.08/turn               (no ring)

@: lethally poisoned (-2 -> -10)
A: no striking features
a: no special abilities


You were on level 2 of the Dungeon.
You visited 1 branch of the dungeon, and saw 2 of its levels.

You collected 89 gold pieces.

Inventory:

Hand Weapons
 a - a +0 war axe (weapon)
 i - a +2 dagger of speed
Armour
 b - a +0 scale mail
 c - a +0 buckler (worn)
 o - a +0 plate armour (worn)
Scrolls
 e - a scroll of fear
 h - a scroll of teleportation
 k - a scroll of poison
 n - a scroll of magic mapping
Potions
 d - a potion of might
 f - a potion of brilliance {unknown}
 g - a potion of haste
 j - a potion of magic {unknown}
 l - a potion of flight {unknown}
 m - a potion of attraction {unknown}


   Skills:
 + Level 4.1 Fighting
 + Level 3.8 Axes
 + Level 3.8 Armour
 + Level 3.6 Shields


You had 2 spell levels left.
You didn't know any spells.
Your spell library contained the following spells:

 Spells                   Type           Power      Damage    Failure   Level
 Apportation              Tloc           0%         N/A       100%        1
 Necrotise                Necr           0%         1d4       100%        1
 Summon Small Mammal      Summ           0%         N/A       100%        1
 Gell's Gravitas          Tloc           0%         N/A       100%        3
 Lesser Beckoning         Tloc           0%         N/A       100%        3
 Ozocubu's Armour         Ice            0%         N/A       100%        3
 Teleport Other           Tloc           0%         N/A       100%        3
 Metabolic Englaciation   Hex/Ice        0%         N/A       100%        5
 Simulacrum               Ice/Necr       0%         N/A       100%        6


Dungeon Overview and Level Annotations

Branches:
Dungeon (2/15)

Altars:
Wu Jian

Shops:
D:1 [

Annotations:
D:2 Crazy Yiuf


Message History

A frilled lizard is nearby!
A frilled lizard is nearby!
The frilled lizard bites you but does no damage.
You closely miss the frilled lizard. The frilled lizard barely misses you.
You block the frilled lizard's attack.
You barely miss the frilled lizard.
The frilled lizard bites you but does no damage.
You barely miss the frilled lizard.
The frilled lizard bites you but does no damage.
You hit the frilled lizard.
You kill the frilled lizard!
No target in view!
No target in view!
Found a hammer.
Found a runed translucent door.
Crazy Yiuf shouts!
Crazy Yiuf sings, "Trees, trees, trees, circus!"
Crazy Yiuf whimpers, "Line pizzabubble Orb Guardian!"
Could not explore, unopened runed door.
Could not explore, unopened runed door.
Could not explore, unopened runed door.
Could not explore, unopened runed door.
Could not explore, unopened runed door.
No reachable target in view!
You open the door.
Crazy Yiuf yells, "Defame mobile infinity!"
You hit Crazy Yiuf.
Crazy Yiuf is lightly wounded.
Crazy Yiuf hits you with a +4 quarterstaff of chaos!
You are poisoned.
You barely miss Crazy Yiuf.
Crazy Yiuf is lightly wounded.
You feel very sick.
Crazy Yiuf hits you with a +4 quarterstaff of chaos!
You feel your power leaking away.
You barely miss Crazy Yiuf.
Crazy Yiuf is lightly wounded.
* * * LOW HITPOINT WARNING * * *
You feel very sick.
Crazy Yiuf hits you with a +4 quarterstaff of chaos!
You die...

#.# #.# #†######.#
#.###.#########
#.##...#..
#.............#
#^##.#....
###############
####.#.#.. #...#.##.
#######.#...)..
###**###.#..#....###.#
#...##..#..#..........
#...g@####......#.....
#)..### ##.#..#######
###** ######


You could see Crazy Yiuf.

Vanquished Creatures
  2 adders (D:2)
  3 dart slugs
  2 ball pythons (D:2)
  An endoplasm (D:2)
  3 goblins (D:2)
  4 hobgoblins (D:2)
  3 quokkas (D:1)
  A bat (D:1)
  2 frilled lizards (D:2)
  6 kobolds
  2 rats
29 creatures vanquished.

Notes
Turn   | Place    | Note
-------+----------+-------------------------------------------
     0 | D:1      | zeram the Hill Orc Fighter began the quest for the Orb.
     0 | D:1      | Reached XP level 1. HP: 19/19 MP: 1/1
   280 | D:1      | Reached XP level 2. HP: 27/27 MP: 2/2
   316 | D:1      | Found Wacrur's Antique Armour Emporium.
   738 | D:2      | Reached skill level 4 in Fighting
   738 | D:2      | Reached XP level 3. HP: 33/33 MP: 3/3
   766 | D:2      | Found an ornate altar of the Wu Jian Council.
  1054 | D:2      | Found a faded altar of an unknown god.
  1566 | D:2      | Found a runed translucent door.
  1567 | D:2      | Noticed Crazy Yiuf
  1573 | D:2      | Slain by Crazy Yiuf

Illustrated notes

Levels and vault maps discovered:
D:1:      minmay_arrival_open_corners, layout_basic, serial_shops,
          nicolae_diamond_shop, grunt_decor_one_mirror
D:2:      layout_loops_ring, basic_ecumenical_altar, basic_altar, corexii_shack,
          minmay_misc_feat_more_columns, minmay_tromino_mix6,
          uniq_crazy_yiuf_cottage

Skill      XL: |  1  2 |
---------------+-------+-----
Axes           | 3 |  3.8
Fighting       | 4 |  4.1
Armour         | |  3.8
Shields        | |  3.6

Action                   || total
-------------------------++-------
Melee: War axe           ||    67
  Use: Scroll            ||     7
Armor: Scale mail        ||    23
       Plate armour      ||    12
Dodge: Dodged            ||    22
Block: Buckler           ||    17
